 Dungeon Crawl Stone Soup version 0.31-a0-1549-g5ff9445e89 (webtiles) character file.

Game seed: 6459411644137629656

117 innerfire43 the Trooper (level 4, -1/37 HPs)
             Began as a Demonspawn Monk on Jan 2, 2024.
             Slain by MysticSailboat's ghost (9 damage)
             ... on level 3 of the Dungeon.
             The game lasted 00:04:41 (1975 turns).

innerfire43 the Trooper (Demonspawn Monk)           Turns: 1975, Time: 00:04:42

Health: -1/37      AC:  9    Str: 14    XL:     4   Next: 71%
Magic:  4/4        EV: 13    Int: 10    God:
Gold:   103        SH:  0    Dex: 15    Spells: 3/3 levels left

rFire   . . .        r - +1 whip (elec)
rCold   . . .        d - orb {light}
rNeg    . . .        t - +1 leather armour {Will+}
rPois   .            (no helmet)
rElec   .            (no cloak)
rCorr   .            p - +2 pair of gloves
SInv    .            (no boots)
Will    +....        (no amulet)
Stlth   +            (no ring)
HPRegen 0.26/turn    (no ring)
MPRegen 0.09/turn

%: no passive effects
@: glowing
A: claws 1, yellow scales 1
a: no special abilities


You were on level 3 of the Dungeon.
You visited 1 branch of the dungeon, and saw 3 of its levels.

You collected 103 gold pieces.

Inventory:

Hand Weapons
 a - a +0 hand axe
 l - a +0 war axe
 r - a +1 whip of electrocution (weapon)
Missiles
 f - 3 javelins
Armour
 b - a +0 robe
 d - an orb of light (worn)
 p - a +2 pair of gloves (worn)
 t - a +1 leather armour of willpower (worn)
 u - an orb of wrath
Jewellery
 n - a ring of magical power
 q - a ring of see invisible
Scrolls
 h - a scroll of teleportation
 i - a scroll of silence
 j - a scroll of revelation
 o - a scroll of poison
 v - a scroll of blinking
Potions
 c - a potion of ambrosia
 e - 2 potions of brilliance
 g - 2 potions of curing {unknown}
 m - a potion of mutation {unknown}
 s - a potion of berserk rage {unknown}


   Skills:
 + Level 3.9 Fighting
 - Level 3.3(3.5) Axes
 * Level 1.4(2.6) Maces & Flails
 + Level 3.5 Dodging


You had 3 spell levels left.
You didn't know any spells.
Your spell library was empty.

Dungeon Overview and Level Annotations

Branches:
Dungeon (3/15)

Altars:

Shops:
D:1 (**!(

Annotations:
D:3 MysticSailboat's ghost, amateur FoFi


Innate Abilities, Weirdness & Mutations

You have sharp fingernails.
You are partially covered in yellow scales. (AC +2)


Message History

Magic scrolls do not work when you're silenced!
Your hearing returns.
You see here a +0 dagger.
As you read the scroll labelled KUPRIC KAULOIRPH, it crumbles to dust.
You feel momentarily disoriented.
It was a scroll of revelation.
As you read the scroll labelled CODOIS SAROYGH, it crumbles to dust.
It is a scroll of identify.
e - 2 potions of brilliance
As you read the scroll of identify, it crumbles to dust.
o - a scroll of poison
As you read the scroll of identify, it crumbles to dust.
v - a scroll of blinking
As you read the scroll labelled WUDUFEOMAA, it crumbles to dust.
You hear a loud clanging noise!
It was a scroll of noise.
Okay, then.
Okay, then.
You see here a +0 dagger.
You see here a +0 dagger.
MysticSailboat's ghost screams, "Don't try to defend!
You have no chance!"
As you open the gate, it creaks loudly!
The hornet zombie attacks as it pursues you!
The hornet zombie barely misses you. The hornet zombie misses you.
The hornet zombie attacks as it pursues you!
The hornet zombie hits you!
You hit the hornet zombie but do no damage.
The hornet zombie closely misses you.
You hit the hornet zombie.
The hornet zombie is lightly damaged.
The hornet zombie hits you!
You barely miss MysticSailboat's ghost.
You hit MysticSailboat's ghost but do no damage.
Lightning courses through MysticSailboat's ghost!
MysticSailboat's ghost is moderately damaged.
MysticSailboat's ghost hits you!
* * * LOW HITPOINT WARNING * * *
You completely miss MysticSailboat's ghost.
MysticSailboat's ghost is moderately damaged.
MysticSailboat's ghost hits you!
You die...

#.#########....#
#.#..#.#..#....# #
##.##.$(..##....# #
#..#.......########
#>###.....###### #.
##.##.......#######.
##..####'''#######...
#..####Z.)..#####..##
#...@WZZ.............
#######...######.###.
##...########.# ##
##.##########.####
##.#########..#...
#..########.....##
##########..).....####.
#........#.#####.#####.
#......[.### #........


You could see MysticSailboat's ghost, a hornet zombie, a wyvern skeleton and a
howler monkey skeleton.

Vanquished Creatures
  Terence (D:3)
  3 adders
  A dart slug (D:1)
  8 bats
  7 endoplasms
  4 giant cockroaches
  3 goblins (D:1)
  6 hobgoblins
  5 jackals (D:3)
  A quokka (D:1)
  3 ball pythons
  2 frilled lizards
  7 kobolds
  7 rats
58 creatures vanquished.

Notes
Turn   | Place    | Note
-------+----------+-------------------------------------------
     0 | D:1      | innerfire43 the Demonspawn Monk began the quest for the
                  | Orb.
     0 | D:1      | Reached XP level 1. HP: 18/18 MP: 1/1
     4 | D:1      | Found Caesyupe's Assorted Antiques.
   108 | D:1      | Gained mutation: You are partially covered in yellow
                  | scales. (AC +2) [demonic ancestry]
   108 | D:1      | Reached XP level 2. HP: 24/24 MP: 2/2
   148 | D:1      | Found Etoel's Assorted Antiques.
   154 | D:1      | Found Joragiuj's Antique Weapon Emporium.
   310 | D:1      | Found Seivethr Taxu's Weapon Emporium.
   335 | D:1      | Found Geaxeng's Distillery.
   509 | D:1      | Reached XP level 3. HP: 25/29 MP: 3/3
  1473 | D:3      | Noticed Terence
  1481 | D:3      | Killed Terence
  1482 | D:3      | Reached skill level 1 in Maces & Flails
  1482 | D:3      | Gained mutation: You have sharp fingernails. [demonic
                  | ancestry]
  1482 | D:3      | Reached XP level 4. HP: 36/37 MP: 4/4
  1636 | D:3      | Found a faded altar of an unknown god.
  1823 | D:3      | Found a runed translucent gate.
  1824 | D:3      | Found a runed translucent gate.
  1825 | D:3      | Found a runed translucent gate.
  1826 | D:3      | Noticed MysticSailboat's ghost (amateur FoFi)
  1975 | D:3      | Slain by MysticSailboat's ghost

Illustrated notes

Levels and vault maps discovered:
D:1:      saegor_arrival_simple_b, layout_basic, serial_shops, shop_statue,
          shop_fountains, nicolae_square_shop, nicolae_shop_just_a_little_nook,
          nicolae_lakefront_shop
D:2:      layout_basic, minmay_tromino_v4_c
D:3:      layout_rooms, gammafunk_ghost_necromancy, basic_ecumenical_altar,
          kennysheep_generic_room_5, uniq_terence

Skill      XL: |  1  2  3 |
---------------+----------+-----
Axes           | 3 |  3.3
Dodging        | 3 |  3.5
Maces & Flails | 1 |  1.4
Fighting       | |  3.9

Action                     |  1- 3 |  4- 6 || total
---------------------------+-------+-------++-------
  Melee: Hand axe          |    56 |       ||    56
         Whip              |    17 |    43 ||    60
         War axe           |    16 |       ||    16
    Use: Scroll            |       |     7 ||     7
   Stab: Sleeping          |       |     1 ||     1
 Armour: Robe              |    49 |       ||    49
         Leather armour    |     5 |    35 ||    40
  Dodge: Dodged            |    58 |    42 ||   100

Table legend: (Time is in decaauts)
 A = Elapsed time spent in this place.
 B = Non-inter-level travel time spent in this place.
 C = Inter-level travel time spent in this place.
 D = Time resting spent in this place.
 E = Time spent auto-exploring this place.
 F = Levels seen in this place.
 G = Mean time per level.
                   A        B        C        D        E       F      G
               +--------+--------+--------+--------+--------+-----+--------+
         Total |   1986 |   1841 |    145 |      0 |   1336 |   3 |  662.0 |
       Dungeon |   1986 |   1841 |    145 |      0 |   1336 |   3 |  662.0 |
               +--------+--------+--------+--------+--------+-----+--------+

Top non-repeatable levels by time:
     D:1: 792 daAuts
     D:2: 691 daAuts
     D:3: 502 daAuts
